AoeStats
← Gothic_Brother

Nomad

503264500Analyzed
1v1 RM · 1mo ago on Aug 30, 2026· 46m 28s· 2 players
Game mode
Random Map
Map size
126×126
Population
200
Speed
Normal
Resources
Standard
Victory
Conquest
Starting age
Dark Age
Ending age
Imperial Age
RankedLock teamsTeams togetherTeam positionsShared explorationLock speedFull tech treeHidden civsTurbo modeCheats
Victory
Defeat
🇷🇺 Huns · Russia
1176
+15
🇺🇸 Lithuanians · United States
1156
-15
FILBERT
5:43 Loom
14:33 Feudal Age
19:42 Castle Age
18:37 Double-Bit Axe
18:45 Stone Mining
20:32 Fletching
21:51 Elite Skirmisher
42:06 Imperial Age
44:27 Chemistry
45:10 Conscription
Gothic_Brother
14:18 Feudal Age
15:33 Loom
18:50 Castle Age
17:13 Double-Bit Axe
18:05 Fletching
18:16 Padded Archer Armor
23:22 Wheelbarrow
25:28 Pikeman
27:24 Fishing Lines
28:59 Forging
28:51 Scale Mail Armor
29:42 Squires
30:30 Horse Collar
38:45 Imperial Age
38:33 Iron Casting
38:14 Chain Mail Armor
39:28 Heavy Plow
42:27 Conscription
Connection lost

Rejoining the realm…

Still unreachable

The connection could not be restored.

Session expired

The server has moved on; the page needs a fresh start.